MLB
MINNESOTA TWINS @ DETROIT TIGERS
09/26/2019
 
TOP OF THE 1ST
Minnesota Twins batting - Pitching for Detroit Tigers : RHP Mike Clevinger
Pitching: RHP Mike Clevinger
Batting: RHB Whit Merrifield 0-0: Ball
1-0: Ball
2-0: Called Strike
2-1: Swinging Strike
2-2: Fly out, F7 (Line Drive, 7, EV 93.1 MPH)
Batting: RHB Miguel Rojas 0-0: Called Strike
0-1: Reached on error, E5 (Groundball, 56, EV 82.5 MPH)
Batting: LHB Freddie Freeman 0-0: Ball
1-0: Ball
2-0: Called Strike
2-1: Ball
3-1: Fly out, F2 (Popup, 2LF, EV 87.5 MPH)
Batting: RHB Carlos Correa 0-0: Called Strike
0-1: Foul Ball, location: 2F
0-2: Ground out U3 (Groundball, 34, EV 103.8 MPH)
Top of the 1st over - 0 runs, 0 hits, 1 error, 1 left on base; Minnesota 0 - Detroit 0
BOTTOM OF THE 1ST
Detroit Tigers batting - Pitching for Minnesota Twins : LHP Brandon Waddell
Pitching: LHP Brandon Waddell
Batting: RHB Jean Segura 0-0: Ground out 6-3 (Groundball, 56, EV 82.5 MPH)
Batting: RHB Starling Marte 0-0: Ball
1-0: Ball
2-0: Hit by Pitch
Batting: LHB Corey Dickerson 0-0: Called Strike
Starling Marte steals 2nd, throwing error, E2
Starling Marte to third
0-1: Ball
1-1: Ball
2-1: Foul Ball, location: 2F
2-2: Strikes out looking
Batting: RHB Khris Davis 0-0: Called Strike
0-1: Ball
1-1: Swinging Strike
1-2: Foul Ball, location: 2F
1-2: Ball
2-2: Foul Ball, location: 2F
2-2: Ground out 5-3 (Groundball, 5, EV 77.5 MPH)
Bottom of the 1st over - 0 runs, 0 hits, 1 error, 1 left on base; Minnesota 0 - Detroit 0
TOP OF THE 2ND
Minnesota Twins batting - Pitching for Detroit Tigers : RHP Mike Clevinger
Batting: RHB Adam Jones 0-0: Called Strike
0-1: Ball
1-1: Fly out, F4 (Line Drive, 4, EV 65.0 MPH)
Batting: LHB Jay Bruce 0-0: Foul Ball, location: 2F
0-1: Ball
1-1: Fly out, F8 (Flyball, 78D, EV 98.1 MPH)
Batting: RHB Avisail Garcia 0-0: Ball
1-0: Ball
2-0: Called Strike
2-1: Ball
3-1: Bunt for hit to 5S - play at first, batter OUT! 5-3
Top of the 2nd over - 0 runs, 0 hits, 0 errors, 0 left on base; Minnesota 0 - Detroit 0
BOTTOM OF THE 2ND
Detroit Tigers batting - Pitching for Minnesota Twins : LHP Brandon Waddell
Batting: SHB Kendrys Morales 0-0: Foul Ball, location: 2F
0-1: Swinging Strike
0-2: Fly out, F6 (Line Drive, 6, EV 68.1 MPH)
Batting: RHB George Springer 0-0: Ball
1-0: Called Strike
1-1: Foul Ball, location: 2F
1-2: Foul Ball, location: 2F
1-2: Strikes out swinging
Batting: RHB J.T. Realmuto 0-0: Called Strike
0-1: Ground out 6-3 (Groundball, 6, EV 85.6 MPH)
Bottom of the 2nd over - 0 runs, 0 hits, 0 errors, 0 left on base; Minnesota 0 - Detroit 0
TOP OF THE 3RD
Minnesota Twins batting - Pitching for Detroit Tigers : RHP Mike Clevinger
Batting: RHB Howie Kendrick 0-0: Ball
1-0: Ball
2-0: Ball
3-0: Called Strike
3-1: Foul Ball, location: 2F
3-2: Base on Balls
Batting: RHB Chris Iannetta 0-0: Ball
1-0: Called Strike
1-1: Ball
Pickoff Throw by Catcher to First - Error! E2
Howie Kendrick to second
2-1: Foul Ball, location: 2F
2-2: Ball
3-2: Ground out 4-3 (Groundball, 4S, EV 73.8 MPH)
Howie Kendrick to third
Batting: RHB Whit Merrifield 0-0: Fly out, F3 (Popup, 3F, EV 67.5 MPH)
Batting: RHB Miguel Rojas 0-0: Ground out 1-3 (Groundball, 13, EV 85.6 MPH)
Top of the 3rd over - 0 runs, 0 hits, 1 error, 1 left on base; Minnesota 0 - Detroit 0
BOTTOM OF THE 3RD
Detroit Tigers batting - Pitching for Minnesota Twins : LHP Brandon Waddell
Batting: LHB Kolten Wong 0-0: Called Strike
0-1: SINGLE (Line Drive, 6MD, EV 98.1 MPH)
Batting: RHB J.D. Davis 0-0: Ball
1-0: Ball
2-0: Ball
3-0: Called Strike
3-1: Swinging Strike
3-2: Foul Ball, location: 2F
3-2: Base on Balls
Kolten Wong to second
Batting: RHB Jean Segura 0-0: Called Strike
0-1: Sac Bunt to 3S - play at first, batter OUT! 3-4
Kolten Wong to third
J.D. Davis to second
Batting: RHB Starling Marte 0-0: Swinging Strike
0-1: SINGLE (Groundball, 34, EV 94.4 MPH) (infield hit)
Kolten Wong scores
J.D. Davis to third
Batting: LHB Corey Dickerson 0-0: Called Strike
0-1: 3-RUN HOME RUN (Flyball, 8LXD, EV 105.6 MPH), Distance : 443 ft
Batting: RHB Khris Davis 0-0: Ball
1-0: Foul Ball, location: 2F
1-1: Ball
2-1: Swinging Strike
2-2: Strikes out swinging
Batting: SHB Kendrys Morales 0-0: Ball
1-0: Called Strike
1-1: Foul Ball, location: 2F
1-2: SINGLE (Groundball, 6MD, EV 95.0 MPH)
Batting: RHB George Springer 0-0: Called Strike
0-1: Ball
1-1: Fielders Choice at 2nd, 6-4 (Groundball, 6, EV 100.6 MPH)
Bottom of the 3rd over - 4 runs, 4 hits, 0 errors, 1 left on base; Minnesota 0 - Detroit 4
TOP OF THE 4TH
Minnesota Twins batting - Pitching for Detroit Tigers : RHP Mike Clevinger
Batting: LHB Freddie Freeman 0-0: Called Strike
0-1: Ball
1-1: Called Strike
1-2: Ball
2-2: Fly out, F7 (Flyball, 7D, EV 101.3 MPH)
Batting: RHB Carlos Correa 0-0: Foul Ball, location: 2F
0-1: DOUBLE (Flyball, 89XD, EV 103.1 MPH)
Batting: RHB Adam Jones 0-0: SINGLE (Groundball, 56D, EV 103.1 MPH)
Carlos Correa to third
Runner from 3rd tries for Home, SAFE, throw by LF to home
Batting: LHB Jay Bruce 0-0: Ball
1-0: Foul Ball, location: 2F
1-1: Ball
2-1: Foul Ball, location: 2F
2-2: DOUBLE (Line Drive, 78D, EV 105.0 MPH)
Adam Jones to third
Batting: RHB Avisail Garcia 0-0: Foul Ball, location: 2F
0-1: Called Strike
0-2: SINGLE (Groundball, 6MD, EV 95.6 MPH)
Adam Jones scores
Jay Bruce to third
Batting: RHB Howie Kendrick 0-0: Ball
1-0: Foul Ball, location: 2F
1-1: Ball
2-1: Ball
3-1: DOUBLE (Line Drive, 9LM, EV 91.9 MPH)
Jay Bruce scores
Avisail Garcia to third
Batting: RHB Chris Iannetta 0-0: Called Strike
0-1: Ball
1-1: Ball
2-1: Foul Ball, location: 2F
2-2: SINGLE (Groundball, 34D, EV 96.3 MPH)
Avisail Garcia scores
Howie Kendrick to third
Batting: RHB Whit Merrifield 0-0: Ball
1-0: Swinging Strike
1-1: Swinging Strike
1-2: Strikes out swinging
Batting: RHB Miguel Rojas 0-0: Fly out, F4 (Popup, 4, EV 62.5 MPH)
Top of the 4th over - 4 runs, 6 hits, 0 errors, 2 left on base; Minnesota 4 - Detroit 4
BOTTOM OF THE 4TH
Detroit Tigers batting - Pitching for Minnesota Twins : LHP Brandon Waddell
Batting: RHB J.T. Realmuto 0-0: Ground out 6-3 (Groundball, 6MD, EV 98.1 MPH)
Batting: LHB Kolten Wong 0-0: Called Strike
0-1: Ball
1-1: Foul Ball, location: 2F
1-2: Fly out, F6 (Line Drive, 6, EV 65.6 MPH)
Batting: RHB J.D. Davis 0-0: Called Strike
0-1: DOUBLE (Flyball, 8RXD, EV 96.3 MPH)
Batting: RHB Jean Segura 0-0: Ground out 5-3 (Groundball, 56, EV 86.3 MPH)
Bottom of the 4th over - 0 runs, 1 hit, 0 errors, 1 left on base; Minnesota 4 - Detroit 4
TOP OF THE 5TH
Minnesota Twins batting - Pitching for Detroit Tigers : RHP Mike Clevinger
Batting: LHB Freddie Freeman 0-0: Called Strike
0-1: Foul Ball, location: 2F
0-2: Ball
1-2: Ball
2-2: SOLO HOME RUN (Line Drive, 9D, EV 99.4 MPH), Distance : 415 ft
Pitching: RHP Austin L. Adams
Batting: RHB Carlos Correa 0-0: Called Strike
0-1: Called Strike
0-2: Strikes out swinging
Batting: RHB Adam Jones 0-0: Called Strike
0-1: DOUBLE (Line Drive, 3D, EV 106.9 MPH)
Batting: LHB Jay Bruce 0-0: Called Strike
0-1: Ball
1-1: Foul Ball, location: 2F
1-2: Ground out 2-3 (Groundball, 2L, EV 75.0 MPH)
Adam Jones to third
Batting: RHB Avisail Garcia 0-0: Ground out 5-3 (Groundball, 5S, EV 66.3 MPH)
Top of the 5th over - 1 run, 2 hits, 0 errors, 1 left on base; Minnesota 5 - Detroit 4
BOTTOM OF THE 5TH
Detroit Tigers batting - Pitching for Minnesota Twins : LHP Brandon Waddell
Batting: RHB Starling Marte 0-0: Foul Ball, location: 2F
0-1: Ball
1-1: Ball
2-1: DOUBLE (Groundball, 5L, EV 104.4 MPH)
Batting: LHB Corey Dickerson 0-0: SINGLE (Groundball, 34D, EV 104.4 MPH)
Starling Marte to third
Batting: RHB Khris Davis 0-0: Ball
1-0: Ball
2-0: Ball
3-0: Base on Balls
Corey Dickerson to second
Batting: SHB Kendrys Morales 0-0: Foul Ball, location: 2F
0-1: Ball
1-1: SINGLE (Groundball, 6M, EV 102.5 MPH)
Starling Marte scores
Corey Dickerson to third
Khris Davis to second
Pitching: RHP Nick B. Anderson
Batting: RHB George Springer 0-0: Foul Ball, location: 2F
0-1: Ball
1-1: Grounds into double play, 6-2-3 (Groundball, 6, EV 80.6 MPH)
Khris Davis to third
Kendrys Morales to second
Batting: RHB J.T. Realmuto 0-0: Called Strike
0-1: Ball
1-1: Swinging Strike
1-2: Ball
Wild Pitch!
Khris Davis scores
Kendrys Morales to third
2-2: Ball
3-2: Base on Balls
Batting: LHB Kolten Wong 0-0: Called Strike
0-1: Ball
1-1: Ball
2-1: Swinging Strike
2-2: Ground out 6-3 (Groundball, 6S, EV 70.0 MPH)
Bottom of the 5th over - 2 runs, 3 hits, 0 errors, 2 left on base; Minnesota 5 - Detroit 6
TOP OF THE 6TH
Minnesota Twins batting - Pitching for Detroit Tigers : RHP Austin L. Adams
Batting: RHB Howie Kendrick 0-0: Foul Ball, location: 2F
0-1: Foul Ball, location: 2F
0-2: Fly out, F4 (Line Drive, 4, EV 64.4 MPH)
Batting: RHB Chris Iannetta 0-0: Called Strike
0-1: Called Strike
0-2: Ball
1-2: Strikes out swinging
Batting: RHB Whit Merrifield 0-0: Foul Ball, location: 2F
0-1: Ball
1-1: Foul Ball, location: 2F
1-2: Ball
2-2: Foul Ball, location: 2F
2-2: Strikes out looking
Top of the 6th over - 0 runs, 0 hits, 0 errors, 0 left on base; Minnesota 5 - Detroit 6
BOTTOM OF THE 6TH
Detroit Tigers batting - Pitching for Minnesota Twins : RHP Nick B. Anderson
Batting: RHB J.D. Davis 0-0: Swinging Strike
0-1: Ball
1-1: Foul Ball, location: 2F
1-2: Strikes out looking
Batting: RHB Jean Segura 0-0: Ball
1-0: Fly out, F9 (Flyball, 9, EV 87.5 MPH)
Batting: RHB Starling Marte 0-0: Called Strike
0-1: Foul Ball, location: 2F
0-2: Ball
1-2: Ball
2-2: Hit by Pitch
Pitching: RHP Glenn Sparkman
Batting: LHB Corey Dickerson 0-0: Ball
1-0: Fly out, F8 (Flyball, 8LS, EV 87.5 MPH)
Bottom of the 6th over - 0 runs, 0 hits, 0 errors, 1 left on base; Minnesota 5 - Detroit 6
TOP OF THE 7TH
Minnesota Twins batting - Pitching for Detroit Tigers : RHP Austin L. Adams
Pitching: LHP Tyler Lyons
Batting: RHB Miguel Rojas 0-0: Called Strike
0-1: Called Strike
0-2: Fly out, F8 (Flyball, 8RM, EV 88.8 MPH)
Batting: LHB Freddie Freeman 0-0: Ball
1-0: Ball
2-0: Foul Ball, location: 2F
2-1: Ball
3-1: Fly out, F9 (Line Drive, 9D, EV 85.6 MPH)
Batting: RHB Carlos Correa 0-0: Ball
1-0: Called Strike
1-1: Called Strike
1-2: Ball
2-2: Foul Ball, location: 2F
2-2: Strikes out swinging
Top of the 7th over - 0 runs, 0 hits, 0 errors, 0 left on base; Minnesota 5 - Detroit 6
BOTTOM OF THE 7TH
Detroit Tigers batting - Pitching for Minnesota Twins : RHP Glenn Sparkman
Batting: RHB Khris Davis 0-0: Ball
1-0: Foul Ball, location: 2F
1-1: Ball
2-1: Fly out, F9 (Flyball, 9S, EV 80.0 MPH)
Batting: SHB Kendrys Morales 0-0: Ball
1-0: Foul Ball, location: 2F
1-1: Called Strike
1-2: Hit by Pitch
Batting: RHB George Springer 0-0: Ball
1-0: Called Strike
1-1: Called Strike
1-2: DOUBLE (Line Drive, 78D, EV 103.8 MPH)
Kendrys Morales to third
Runner from 3rd tries for Home, SAFE, throw by CF to home
Batting: RHB J.T. Realmuto 0-0: Ball
1-0: SINGLE (Groundball, 56, EV 99.4 MPH) (infield hit)
George Springer to third
Batting: LHB Kolten Wong 0-0: Called Strike
J.T. Realmuto is caught stealing 2nd base 2-6
0-1: Ball
1-1: Called Strike
1-2: Ground out 6-3 (Groundball, 6, EV 88.1 MPH)
Bottom of the 7th over - 1 run, 2 hits, 0 errors, 1 left on base; Minnesota 5 - Detroit 7
TOP OF THE 8TH
Minnesota Twins batting - Pitching for Detroit Tigers : LHP Tyler Lyons
Pitching: RHP Pedro Baez
Batting: RHB Adam Jones 0-0: Called Strike
0-1: Ball
1-1: Swinging Strike
1-2: Ball
2-2: Foul Ball, location: 2F
2-2: Foul Ball, location: 2F
2-2: Strikes out swinging
Batting: LHB Jay Bruce 0-0: Swinging Strike
0-1: Ball
1-1: Foul Ball, location: 2F
1-2: Strikes out looking
Batting: RHB Avisail Garcia 0-0: Called Strike
0-1: Swinging Strike
0-2: SINGLE (Flyball, 7LS, EV 91.9 MPH)
Batting: RHB Howie Kendrick 0-0: Fielders Choice at 2nd, 5-4 (Groundball, 56D, EV 86.9 MPH)
Top of the 8th over - 0 runs, 1 hit, 0 errors, 1 left on base; Minnesota 5 - Detroit 7
BOTTOM OF THE 8TH
Detroit Tigers batting - Pitching for Minnesota Twins : RHP Glenn Sparkman
Pitching: RHP Trey Wingenter
Batting: RHB J.D. Davis 0-0: Foul Ball, location: 2F
0-1: SINGLE (Groundball, 6MD, EV 103.1 MPH)
Batting: RHB Jean Segura 0-0: Ball
1-0: Called Strike
1-1: DOUBLE (Line Drive, 9LM, EV 109.4 MPH)
J.D. Davis to third
Runner from 3rd tries for Home, SAFE, throw by RF to trailing runner, SAFE at third!
Batting: RHB Starling Marte 0-0: Ball
1-0: SINGLE (Groundball, 6M, EV 100.0 MPH) (infield hit)
Jean Segura scores
Batting: LHB Corey Dickerson 0-0: Ball
1-0: Ball
Starling Marte steals 2nd base
2-0: SINGLE (Groundball, 4MS, EV 73.1 MPH) (infield hit)
Starling Marte to third
Batting: RHB Khris Davis 0-0: Ball
1-0: Ball
2-0: Foul Ball, location: 2F
2-1: Ball
3-1: Called Strike
3-2: Strikes out swinging
Pitching: LHP Andrew Vasquez
Batting: SHB Kendrys Morales 0-0: Called Strike
0-1: Foul Ball, location: 2F
0-2: Grounds into double play, 5-4-3 (Groundball, 5, EV 82.5 MPH)
Bottom of the 8th over - 2 runs, 4 hits, 0 errors, 1 left on base; Minnesota 5 - Detroit 9
TOP OF THE 9TH
Minnesota Twins batting - Pitching for Detroit Tigers : RHP Pedro Baez
Pitching: LHP Will Smith
Batting: RHB Chris Iannetta 0-0: Ball
1-0: Foul Ball, location: 2F
1-1: Foul Ball, location: 2F
1-2: Ball
2-2: Ball
3-2: Foul Ball, location: 2F
3-2: Ground out 6-3 (Groundball, 6, EV 79.4 MPH)
Batting: RHB Whit Merrifield 0-0: Foul Ball, location: 2F
0-1: Fly out, F8 (Flyball, 8RS, EV 88.1 MPH)
Batting: RHB Miguel Rojas 0-0: Ball
1-0: SINGLE (Line Drive, 7LM, EV 111.9 MPH)
Batting: LHB Freddie Freeman 0-0: Ball
1-0: 2-RUN HOME RUN (Line Drive, 9D, EV 106.3 MPH), Distance : 370 ft
Pitching: LHP Zack Britton
Batting: RHB Carlos Correa 0-0: Ball
1-0: Swinging Strike
1-1: Ground out 5-3 (Groundball, 56, EV 88.8 MPH)
Top of the 9th over - 2 runs, 2 hits, 0 errors, 0 left on base; Minnesota 7 - Detroit 9
Saturday, January 4th, 2020 - OOTP Baseball 20.8 Build 73